 Dungeon Crawl Stone Soup version 0.27.1-2-g3b301248ec (webtiles) character file.

Game seed: 5916835029684957476

109 ABBCCCDDDD the Skirmisher (level 4, -4/33 HPs)
             Began as an Octopode Abyssal Knight on Sept 28, 2021.
             Was a Believer of Lugonu.
             Slain by Grinder (6 damage)
             ... while paralysed by Grinder
             ... on level 3 of the Dungeon.
             The game lasted 00:01:47 (2412 turns).

ABBCCCDDDD the Skirmisher (Octopode Abyssal Knight) Turns: 2412, Time: 00:01:48

Health: -4/33      AC:  1    Str:  8 (11) XL:     4   Next: 90%
Magic:  5/5        EV:  2    Int: 13 (15) God:    Lugonu [**....]
Gold:   89         SH:  0    Dex: 10 (11) Spells: 3/3 levels left

rFire    . . .     SeeInvis .   a - +1 mace
rCold    . . .     Faith    .   (no shield)
rNeg     . . .     Spirit   .   (helmet restricted)
rPois    .         Reflect  .   (no amulet)
rElec    .         Harm     .   (no ring)
rCorr    .         Rampage  .   (no ring)
Will     .....                  (no ring)
Stlth    +++.......             (no ring)
HPRegen  0.11/turn              (no ring)
MPRegen  0.09/turn              (no ring)
                                (no ring)
                                (no ring)

@: paralysed, brilliant
A: almost no armour, amphibious, 8 rings, camouflage 1, gelatinous body 1,
(nimble swimmer 1), tentacles
a: Renounce Religion, Depart the Abyss, Bend Space


You were on level 3 of the Dungeon.
You worshipped Lugonu.
Lugonu was pleased with you.
You visited 1 branch of the dungeon, and saw 3 of its levels.
You visited the Abyss 1 time.

You collected 89 gold pieces.

Inventory:

Hand Weapons
 a - a +1 mace (weapon)
Missiles
 i - 3 boomerangs
Scrolls
 b - 2 scrolls of brand weapon {unknown}
 c - a scroll of immolation {unknown}
 e - 3 scrolls of identify {unknown}
 f - 3 scrolls of teleportation {unknown}
 h - a scroll of noise {unknown}


   Skills:
 + Level 4.0 Fighting
 + Level 3.2 Maces & Flails
 - Level 2.3 Dodging
 + Level 3.4 Stealth
 - Level 2.0 Invocations


You had 3 spell levels left.
You didn't know any spells.
Your spell library was empty.

Dungeon Overview and Level Annotations

Branches:
Dungeon (3/15)

Altars:

Annotations:
D:3 1 runed translucent door, ABBCCCDDDD's ghost, weakling OpAK; Grinder


Innate Abilities, Weirdness & Mutations

You cannot wear most types of armour.
You are amphibious.
You can wear up to eight rings at the same time.
Your skin changes colour to match your surroundings (Stealth+).
Your rubbery body absorbs attacks. (AC +1, EV +1)
((You are camouflaged near water. (Stealth+)))
You have tentacles for arms and can constrict up to eight enemies at once.


Message History

You closely miss the bat. Your grab misses the bat.
Grinder shouts!
The bat hits you. The bat closely misses you. Grinder gestures at you.
Pain shoots through your body! The bat closely misses you.
You barely miss Grinder. You grab Grinder. You squeeze Grinder!
Grinder is moderately wounded.
You constrict Grinder. The bat closely misses you. Grinder hits you!
You writhe in agony.
An endoplasm comes into view.
Grinder hits you!
You writhe in agony.
* * * LOW HITPOINT WARNING * * *
You are too injured to fight recklessly!
It was a potion of degeneration.
There was something very wrong with that liquid.
You feel weakened.
You feel dopey.
You feel clumsy.
You constrict Grinder. Grinder misses you. The bat hits you but does no damage.
It was a potion of brilliance.
You feel clever all of a sudden.
You constrict Grinder. The bat hits you but does no damage.
Grinder closely misses you.
You aren't carrying any items that you can evoke.
Okay, then.
You hit Grinder.
Grinder is heavily wounded.
You constrict Grinder. The bat misses you. Grinder gestures at you.
You suddenly lose the ability to move!
You lose your grip on Grinder.
The bat barely misses you. The bat hits you but does no damage.
Grinder hits you.
* * * LOW HITPOINT WARNING * * *
You writhe in agony.
* * * LOW HITPOINT WARNING * * *
The bat hits you.
* * * LOW HITPOINT WARNING * * *
Grinder hits you.
* * * LOW HITPOINT WARNING * * *
You writhe in agony.
You die...

.# #.# ##.# #..#
..# ..# #
#######.##.#
#.Jb@......#
......5###.####
.####...##.#
###.##.#
#.##.#####
#.##.....#
.######.##.###.#
...............#
#######.########


You could see Grinder, an endoplasm and a bat.

Levels and vault maps discovered:
D:1:      lightli_arrival_statue_moat, layout_basic,
          dreamdust_ecumenical_altar_angels_and_demons, minmay_tetromino_t4
D:2:      layout_basic, hex_tiny, serial_park_tiny_2
D:3:      layout_loops_ring, nicolae_wu_jian_immortal_techniques,
          gammafunk_ghost_grave, minmay_misc_feat_square, uniq_grinder,
          uniq_robin, uniq_jessica

Notes
Turn   | Place    | Note
-------+----------+-------------------------------------------
     0 | Abyss:1  | ABBCCCDDDD the Octopode Abyssal Knight began the quest for
                  | the Orb.
     0 | Abyss:1  | Reached XP level 1. HP: 16/16 MP: 2/2
    46 | Abyss:1  | Noticed a bone dragon
    58 | Abyss:1  | Noticed a red draconian
    62 | D:1      | Escaped the Abyss
    64 | D:1      | Reached skill level 1 in Stealth
    86 | D:1      | Reached XP level 2. HP: 18/21 MP: 3/3
   488 | D:1      | Found a faded altar of an unknown god.
   586 | D:1      | Reached XP level 3. HP: 20/26 MP: 4/4
  1252 | D:2      | Reached ** piety under Lugonu
  1612 | D:2      | Reached XP level 4. HP: 33/33 MP: 5/5
  2031 | D:3      | Noticed Jessica
  2034 | D:3      | Killed Jessica
  2242 | D:3      | Reached skill level 4 in Fighting
  2351 | D:3      | Found a runed translucent door.
  2352 | D:3      | Noticed ABBCCCDDDD's ghost (weakling OpAK)
  2404 | D:3      | Noticed Grinder
  2410 | D:3      | Paralysed by Grinder for 6 turns
  2412 | D:3      | Slain by Grinder

Table legend: (Time is in decaauts)
 A = Elapsed time spent in this place.
 B = Non-inter-level travel time spent in this place.
 C = Inter-level travel time spent in this place.
 D = Time resting spent in this place.
 E = Time spent auto-exploring this place.
 F = Levels seen in this place.
 G = Mean time per level.
                   A        B        C        D        E       F      G
               +--------+--------+--------+--------+--------+-----+--------+
         Total |   2432 |   2410 |     22 |      0 |   2090 |   4 |  608.0 |
       Dungeon |   2370 |   2348 |     22 |      0 |   2046 |   3 |  790.0 |
         Abyss |     62 |     62 |      0 |      0 |     44 |   1 |   62.0 |
               +--------+--------+--------+--------+--------+-----+--------+

Top non-repeatable levels by time:
     D:1: 1102 daAuts
     D:2: 881 daAuts
     D:3: 385 daAuts
 Abyss:1: 62 daAuts

Table legend:
 A = Kills in this place as a percentage of kills in entire the game.
 B = Kills by you in this place as a percentage of kills by you in the entire game.
 C = Kills by friends in this place as a percentage of kills by friends in the entire game.
 D = Other kills in this place as a percentage of other kills in the entire game.
 E = Experience gained in this place as a percentage of experience gained in the entire game.
 F = Experience gained in this place divided by the number of levels of this place that you have seen.
                   A       B       C       D       E      F
               +-------+-------+-------+-------+-------+----------------------
         Total | 100.0 | 100.0 |   N/A |   N/A | 100.0 |  39.2
       Dungeon | 100.0 | 100.0 |   N/A |   N/A | 100.0 |  52.3
               +-------+-------+-------+-------+-------+----------------------

Action                   |  1- 3 |  4- 6 || total
-------------------------+-------+-------++-------
Melee: Mace              |    53 |    28 ||    81
       Tentacles         |     6 |     4 ||    10
       Constrict         |     8 |     8 ||    16
  Use: Potion            |       |     2 ||     2
 Stab: Sleeping          |     7 |     1 ||     8
Armor: Skin              |    10 |     5 ||    15
Dodge: Dodged            |    29 |    22 ||    51

Vanquished Creatures
  Jessica (D:3)
  3 adders
  An ufetubus (D:1)
  A worm (D:3)
  A dart slug (D:1)
  2 orcs (D:3)
  8 ball pythons
  4 endoplasms
  2 giant cockroaches (D:1)
  5 goblins
  A hobgoblin (D:1)
  4 kobolds
  3 quokkas
  6 bats
  2 rats
44 creatures vanquished.
